 Dungeon Crawl Stone Soup version 0.29.1-12-g30fa7ad0bf (webtiles) character file.

Game seed: 15473215321263808498

11 H0rd4k the Charlatan (level 2, 0/18 HPs)
             Began as an Octopode Artificer on Dec 19, 2022.
             Slain by a gnoll
             ... wielding a +0 vampiric spear
              (8 damage)
             ... on level 1 of the Dungeon.
             The game lasted 00:00:26 (384 turns).

H0rd4k the Charlatan (Octopode Artificer)            Turns: 384, Time: 00:00:26

Health: 0/18       AC:  1    Str: 11    XL:     2   Next: 25%
Magic:  2/2        EV: 13    Int: 13    God:
Gold:   0          SH:  0    Dex: 12    Spells: 1/1 levels left

rFire   . . .      SeeInvis .   (no weapon)
rCold   . . .      Faith    .   (no shield)
rNeg    . . .      Spirit   .   (helmet restricted)
rPois   .          Reflect  .   (no amulet)
rElec   .          Harm     .   (no ring)
rCorr   .          Rampage  .   (no ring)
Will    .....                   (no ring)
Stlth   +++.......              (no ring)
HPRegen 0.06/turn               (no ring)
MPRegen 0.08/turn               (no ring)
                                (no ring)
                                (no ring)

@: no status effects
A: almost no armour, amphibious, 8 rings, camouflage 1, gelatinous body 1,
(nimble swimmer 1), tentacles
a: no special abilities


You were on level 1 of the Dungeon.
You visited 1 branch of the dungeon, and saw 1 of its levels.

Inventory:

Wands
 b - a wand of flame (15) (quivered)
 c - a wand of charming (15)
 d - a wand of iceblast (5)
Scrolls
 a - a scroll of fog {unknown}
 e - a scroll of fear {unknown}


   Skills:
 * Level 1.1 Fighting
 - Level 2.4 Dodging
 - Level 1.3 Stealth
 * Level 0.2 Spellcasting
 - Level 3.8 Evocations


You had one spell level left.
You didn't know any spells.
Your spell library was empty.

Dungeon Overview and Level Annotations

Branches:
Dungeon (1/15)

Altars:


Innate Abilities, Weirdness & Mutations

You cannot wear most types of armour.
You are amphibious.
You can wear up to eight rings at the same time.
Your skin changes colour to match your surroundings (Stealth+).
Your rubbery body absorbs attacks. (AC +1, EV +1)
((You are camouflaged when in or above water. (Stealth+)))
You have tentacles for arms and can constrict up to eight enemies at once.


Message History

The hobgoblin is heavily wounded.
You constrict the hobgoblin. The hobgoblin hits you.
You tentacle-slap the hobgoblin but do no damage.
The hobgoblin is severely wounded.
You constrict the hobgoblin.
You kill the hobgoblin!
You open the door.
Found 6 stones.
No target in view!
There is an open door here.
Found a hand axe.
No target in view!
Key pressed, stopping explore.
No target in view!
A bat comes into view.
A gnoll comes into view. It is wielding a +0 vampiric spear.
You see here a +0 hand axe.
There are monsters nearby!
There are monsters nearby!
There are monsters nearby!
The bat barely misses you.
There are monsters nearby!
You tentacle-slap the bat. Your grab misses the bat. You squeeze the bat.
You kill the bat!
A gnoll is nearby!
An endoplasm comes into view.
The gnoll hits you with a +0 vampiric spear.
You barely miss the gnoll. You grab the gnoll. You squeeze the gnoll!
The gnoll is severely wounded.
You constrict the gnoll, but do no damage.
The gnoll barely misses you.
You barely miss the gnoll.
The gnoll is severely wounded.
You constrict the gnoll.
The gnoll hits you with a +0 vampiric spear.
You completely miss the gnoll.
The gnoll is severely wounded.
You constrict the gnoll.
The gnoll hits you with a +0 vampiric spear!
You die...

≈≈≈≈.≈≈≈≈≈.≈≈≈≈≈.≈≈≈≈≈.
###≈.≈###≈.≈###≈.≈###≈..
# #≈.≈# #≈.≈# #≈.≈# ≈..
###≈.≈###≈.≈###≈.≈###≈..
†≈≈≈.≈≈≈≈≈.≈≈≈≈≈)≈≈≈≈≈..
).......................
≈≈≈≈.≈≈≈≈≈.≈≈≈≈≈.≈≈≈≈≈.#
###≈.≈###≈.≈###≈.≈###≈.#
# #≈.≈# #≈.≈ #≈@≈# ≈.# #
#≈.≈# #≈. #≈g≈# # ≈
≈≈.≈≈≈≈≈ ≈≈≈.≈≈≈ .
....... ...........
≈.≈≈≈≈≈.≈≈≈≈≈.≈≈≈≈≈.#
≈.≈###≈.≈###≈.# ≈.≈
#≈.≈# ≈.. ≈. #≈.≈# J.


You could see a gnoll and an endoplasm (asleep).

Vanquished Creatures
  A dart slug (D:1)
  A giant cockroach (D:1)
  A goblin (D:1)
  2 hobgoblins (D:1)
  A quokka (D:1)
  A ball python (D:1)
  A bat (D:1)
8 creatures vanquished.

Notes
Turn   | Place    | Note
-------+----------+-------------------------------------------
     0 | D:1      | H0rd4k the Octopode Artificer began the quest for the Orb.
     0 | D:1      | Reached XP level 1. HP: 13/13 MP: 1/1
    89 | D:1      | Reached XP level 2. HP: 9/18 MP: 2/2
   384 | D:1      | Slain by a gnoll

Illustrated notes

Levels and vault maps discovered:
D:1:      dpeg_arrival_tiny_k, layout_basic, kennysheep_boxes

Action                   || total
-------------------------++-------
Melee: Unarmed           ||    21
       Tentacles         ||    10
       Constrict         ||     7
 Stab: Sleeping          ||     2
Dodge: Dodged            ||    11
